 Dungeon Crawl Stone Soup version 0.26-a0-850-g97a50ab700 (webtiles) character file.

Game seed: 3775325105390495974

917 snetch the Skirmisher (level 7, 0/93 HPs)
             Began as a Minotaur Berserker on Nov 20, 2020.
             Was a Priest of Trog.
             Slain by Menkaure (11 damage)
             ... on level 5 of the Dungeon.
             The game lasted 00:12:07 (4388 turns).

snetch the Skirmisher (Minotaur Berserker)          Turns: 4388, Time: 00:12:08

Health: 0/93       AC: 11    Str: 23    XL:     7   Next: 83%
Magic:  6/6        EV: 11    Int:  4    God:    Trog [***...]
Gold:   222        SH:  0    Dex: 10    Spells: 6/6 levels left

rFire    . . .     SeeInvis .   c - +4 scythe
rCold    . . .     Faith    .   (shield currently unavailable)
rNeg     . . .     Spirit   .   D - +0 scale mail
rPois    .         Reflect  .   (helmet restricted)
rElec    .         Harm     .   n - +2 cloak
rCorr    .         Rampage  .   o - +0 pair of gloves
MR       .....                  (no boots)
Stlth    ..........             (no amulet)
HPRegen  0.25/turn              (no ring)
MPRegen  0.10/turn              (no ring)

@: berserking, very quick
A: retaliatory headbutt, horns 2
a: Berserk, Trog's Hand, Renounce Religion


You were on level 5 of the Dungeon.
You worshipped Trog.
Trog was most pleased with you.
You visited 1 branch of the dungeon, and saw 6 of its levels.

You collected 222 gold pieces.

Inventory:

Hand Weapons
 a - a +0 war axe
 b - a +0 flail of protection
 c - a +4 scythe (weapon)
 A - a +3 whip
 C - a +2 flail of holy wrath
Missiles
 d - 128 stones
 f - 12 boomerangs
 q - 26 arrows
 z - 13 poisoned darts (quivered)
Armour
 n - a +2 cloak (worn)
 o - a +0 pair of gloves (worn)
 D - a +0 scale mail (worn)
Wands
 h - a wand of flame (17)
 u - a wand of polymorph (8)
 v - a wand of paralysis (6)
 w - a wand of random effects (14)
Scrolls
 e - a scroll of fear
 g - a scroll of fog {unknown}
 j - 2 scrolls of magic mapping
 l - a scroll of noise {unknown}
 s - a scroll of enchant weapon {unknown}
 t - 4 scrolls of remove curse
 y - 3 scrolls of enchant armour {unknown}
Potions
 i - 2 potions of flight {unknown}
 k - a potion of ambrosia
 m - a potion of heal wounds
 p - a potion of attraction
 r - 3 potions of lignification {unknown}
 x - 4 potions of curing {unknown}
 B - a potion of mutation


   Skills:
 + Level 5.8 Fighting
 + Level 4.7(6.5) Axes
 + Level 4.4(5.4) Maces & Flails
 + Level 5.0(5.9) Polearms
 + Level 4.8 Armour
 + Level 4.0 Dodging
 + Level 0.6 Stealth


You had 6 spell levels left.
You didn't know any spells.
Your spell library was empty.

Dungeon Overview and Level Annotations

Branches:
Dungeon (6/15)
 Temple: D:4-7

Altars:
Qazlal

Annotations:
D:5 Menkaure


Innate Abilities, Weirdness & Mutations

You reflexively headbutt those who attack you in melee.
You have a pair of horns on your head.


Message History

Menkaure calls on the powers of darkness!
Your body is wracked with pain!
The orc convulses!
The orc hits you with a +0 flail. The hound skeleton closely misses you.
A red film seems to cover your vision as you go berserk!
You feel yourself moving faster!
You feel mighty!
Menkaure calls on the powers of darkness!
Your body is wracked with pain!
* * * LOW HITPOINT WARNING * * *
The orc convulses!
The hound skeleton closely misses you. The orc barely misses you.
You furiously retaliate!
You headbutt the orc.
You kill the orc!
Trog accepts your kill.
You slash Menkaure! Your headbutt misses Menkaure.
Menkaure is moderately damaged.
Menkaure calls on the powers of darkness!
Your body is wracked with pain!
* * * LOW HITPOINT WARNING * * *
The hound skeleton bites you but does no damage.
Menkaure hits you!
You die...

##### ######### #...#
#.......### #
#...#####....##.#.. ..
#............##.#.# .##
......####....#.#.# ...#
......# #....#.#.#⌠....
......# #....#.#.......
......# #....#.@)...>.⌠
......## ##.#.#.MZ......
............#.#....⌠....
.#########..#.####......
.# .# ...#.# ... .....#
#### ###.# >.


You could see Menkaure (fast) and a hound skeleton.

Vanquished Creatures
  Sigmund (D:3)
  Edmund (D:5)
  A sky beast (D:5)
  A black bear (D:6)
  A scorpion (D:5)
  A centaur skeleton (D:4)
  2 bullfrog zombies (D:4)
  Jessica (D:2)
  3 orc wizards
  A howler monkey zombie (D:4)
  A gnoll (D:1)
  5 adders
  An adder zombie (D:4)
  An adder skeleton (D:4)
  6 worms
  3 dart slugs
  4 leopard geckos
  22 orcs
  2 ball pythons
  5 giant cockroaches
  8 hobgoblins
  8 jackals
  12 bats
  5 frilled lizards
  9 goblins
  A jackal skeleton (D:4)
  6 kobolds
  2 quokka zombies (D:4)
  4 rats
  2 bushes (D:2)
120 creatures vanquished.

Vanquished Creatures (others)
  An ooze (D:4)
  7 plants (D:2)
  5 toadstools (D:1)
  A withered plant (D:4)
14 creatures vanquished.

Grand Total: 134 creatures vanquished

Notes
Turn   | Place    | Note
-------+----------+-------------------------------------------
     0 | D:1      | snetch the Minotaur Berserker began the quest for the Orb.
     0 | D:1      | Reached XP level 1. HP: 19/19 MP: 0/0
   354 | D:1      | Reached XP level 2. HP: 27/27 MP: 1/1
  1014 | D:2      | Reached XP level 3. HP: 34/34 MP: 2/2
  1409 | D:3      | Reached ** piety under Trog
  1527 | D:2      | Reached XP level 4. HP: 35/41 MP: 3/3
  1621 | D:2      | Noticed Jessica
  1626 | D:2      | Killed Jessica
  1627 | D:2      | Reached skill level 1 in Maces & Flails
  2140 | D:2      | Found a faded altar of an unknown god.
  2430 | D:3      | Reached XP level 5. HP: 43/47 MP: 4/4
  2797 | D:3      | Reached skill level 5 in Fighting
  2891 | D:3      | Noticed Sigmund
  2904 | D:3      | Killed Sigmund
  2905 | D:3      | Reached XP level 6. HP: 56/56 MP: 5/5
  3060 | D:4      | Reached *** piety under Trog
  3384 | D:5      | Entered Level 5 of the Dungeon
  3384 | D:5      | Noticed a sky beast
  3393 | D:5      | Killed a sky beast
  3394 | D:5      | Reached skill level 1 in Polearms
  3408 | D:4      | Reached XP level 7. HP: 52/61 MP: 6/6
  3781 | D:4      | Found a stormy altar of Qazlal.
  4035 | D:5      | Noticed Edmund
  4041 | D:5      | Killed Edmund
  4042 | D:5      | Reached skill level 5 in Polearms
  4383 | D:5      | Noticed Menkaure
  4388 | D:5      | Slain by Menkaure

Illustrated notes

Levels and vault maps discovered:
D:1:      ldierk_walled_garden, layout_loops_ring
D:2:      layout_loops_ring, serial_forest, infiniplex_forest_clump_long,
          infiniplex_forest_straight_5, infiniplex_forest_zigzag_1,
          infiniplex_forest_lined_2, infiniplex_forest_lined_3,
          infiniplex_forest_straight_2, infiniplex_forest_end_2,
          infiniplex_forest_clump_cross, chequers_ecumenical_altar_simple,
          uniq_jessica
D:3:      layout_loops_ring, uniq_sigmund
D:4:      layout_loops_cross, grunt_qazlal_clouds, serial_undead,
          serial_undead_f, serial_undead_f, serial_undead_f, serial_undead_b
D:5:      layout_basic, chequers_arboretum, grunt_ministairs_1, grunt_decor_cap,
          fountainhead, uniq_menkaure, uniq_edmund
D:6:      layout_loops_ring, nicolae_ru_path_of_blood, general_overflow_altar,
          minmay_temple_entry_glassed_door, uniq_pikel

Skill      XL: |  1  2  3  4  5  6  7 |
---------------+----------------------+-----
Fighting       | 4 5 |  5.8
Axes           | 4 |  4.7
Armour         | 3 4 |  4.8
Maces & Flails | 2 4 |  4.4
Dodging        | 3 4 |  4.0
Polearms       | 2 5 |  5.0
Stealth        | |  0.6

Action                   |  1- 3 |  4- 6 |  7- 9 || total
-------------------------+-------+-------+-------++-------
Melee: Hand axe          |    29 |       |       ||    29
       Flail             |    41 |   154 |       ||   195
       Headbutt          |     3 |    46 |     3 ||    52
       Scythe            |       |    43 |    54 ||    97
Invok: Berserk           |     1 |     1 |     2 ||     4
       Trog's Hand       |       |     1 |       ||     1
  Use: Scroll            |       |     5 |     3 ||     8
Armor: Animal skin       |     7 |       |       ||     7
       Leather armour    |    18 |     8 |       ||    26
       Ring mail         |       |    66 |    31 ||    97
       Scale mail        |       |       |     6 ||     6
Dodge: Dodged            |    78 |    78 |    43 ||   199

Table legend: (Time is in decaauts)
 A = Elapsed time spent in this place.
 B = Non-inter-level travel time spent in this place.
 C = Inter-level travel time spent in this place.
 D = Time resting spent in this place.
 E = Time spent auto-exploring this place.
 F = Levels seen in this place.
 G = Mean time per level.
                   A        B        C        D        E       F      G
               +--------+--------+--------+--------+--------+-----+--------+
         Total |   4558 |   4344 |    214 |    232 |   2557 |   6 |  759.7 |
       Dungeon |   4558 |   4344 |    214 |    232 |   2557 |   6 |  759.7 |
               +--------+--------+--------+--------+--------+-----+--------+

Top non-repeatable levels by time:
     D:2: 1344 daAuts
     D:3: 1140 daAuts
     D:1: 946 daAuts
     D:4: 751 daAuts
     D:5: 347 daAuts
     D:6: 28 daAuts
